 Dungeon Crawl Stone Soup version 0.24-a0-537-g2d01d4ab0a (webtiles) character file.

Game seed: 3576584133858408590

44 Mithandil the Skirmisher (level 3, -2/29 HPs)
             Began as a Demonspawn Abyssal Knight on Aug 15, 2019.
             Was a Follower of Lugonu.
             Slain by a gnoll
             ... wielding a +0 spear of freezing
              (5 damage)
             ... on level 2 of the Dungeon.
             The game lasted 00:06:37 (1197 turns).

Mithandil the Skirmisher (DsAK)                     Turns: 1197, Time: 00:06:38

Health: -2/29      AC:  7    Str: 13    XL:     3   Next: 41%
Magic:  5/5        EV:  9    Int: 13    God:    Lugonu [*.....]
Gold:   100        SH:  0    Dex: 12    Spells: 2/2 levels left

rFire    + . .     SeeInvis .   a - +1 falchion
rCold    + . .     Gourm    .   (no shield)
rNeg     . . .     Faith    .   h - +0 scale mail
rPois    +         Spirit   .   (helmet restricted)
rElec    +         Reflect  .   m - +0 cloak
rCorr    +         Harm     .   (no gloves)
MR       .....                  (no boots)
Stlth    ..........             (no amulet)
HPRegen  0.09/turn              (no ring)
MPRegen  0.09/turn              (no ring)

@: resistant
A: antennae 1, powered by pain 1
a: Depart the Abyss, Renounce Religion


You were on level 2 of the Dungeon.
You worshipped Lugonu.
Lugonu was aware of your devotion.
You were not hungry.

You visited 1 branch of the dungeon, and saw 3 of its levels.
You visited the Abyss 1 time.

You collected 100 gold pieces.

Inventory:

Hand Weapons
 a - a +1 falchion (weapon)
 b - a +0 spear
Missiles
 e - 29 stones (quivered)
 j - 10 bolts
Armour
 h - a +0 scale mail (worn)
 m - a +0 cloak (worn)
Wands
 i - a wand of disintegration (10)
Scrolls
 d - 5 scrolls of identify
 k - 2 scrolls of remove curse
Comestibles
 c - 6 rations
 g - 6 chunks of flesh


   Skills:
 + Level 3.2 Fighting
 * Level 2.4 Long Blades
 + Level 2.0 Armour
 + Level 1.3 Dodging
 + Level 0.7 Unarmed Combat
 + Level 3.0 Invocations


You had 2 spell levels left.
You didn't know any spells.
Your spell library was empty.

Dungeon Overview and Level Annotations

Branches:
Dungeon (3/15)

Altars:


Innate Abilities, Weirdness & Mutations

You have a pair of small antennae on your head.
You sometimes gain a little power by taking damage.


Message History

You feel protected. The gnoll closely misses you.
Aiming: Disintegrate
Press: ? - help, Shift-Dir - straight line, f - gnoll
Aim: a gnoll, wielding a +0 flail (moderately wounded, chance to defeat MR: 73%)
The gnoll is blasted!!
You blow up the gnoll!
Lugonu accepts your kill.
Your Invocations skill increases to level 3!
The gnoll barely misses you.
Aiming: Disintegrate
Press: ? - help, Shift-Dir - straight line, f - gnoll
Aim: a gnoll, wielding a +0 spear of freezing (chance to defeat MR: 73%)
The gnoll struggles to resist.
The gnoll hits you but does no damage.
Aiming: Disintegrate
Press: ? - help, Shift-Dir - straight line, f/p - gnoll
Aim: a gnoll, wielding a +0 spear of freezing (chance to defeat MR: 73%)
The gnoll is blasted!
The gnoll hits you from afar with a +0 spear of freezing.
You die...

..[....#.####### #..## ......##.#
##.## ......##.# #..# .........#
#.######. ......#..## ##........
.......#..#########...######
.............#....g..####
####.............)....%.#
####)......#..%.@.......#
......####.##.......%..รท##
###..## #...####........########
##..## ###.# ########...>.##..
.#.#########.###############.....
.#........<......................
...)#########..################..
###.###### ##.## #.. #......###
#..# ###


You could see a gnoll.

Vanquished Creatures
  A gnoll (D:2)
  A dart slug (D:1)
  A ball python (D:1)
  4 giant cockroaches (D:1)
  2 goblins (D:1)
  5 hobgoblins
  3 jackals (D:1)
  3 bats (D:1)
  A frilled lizard (D:1)
  4 kobolds
  6 rats
31 creatures vanquished.

Notes
Turn   | Place    | Note
-------+----------+-------------------------------------------
     0 | Abyss:1  | Mithandil the Demonspawn Abyssal Knight began the quest for
                  | the Orb.
     0 | Abyss:1  | Reached XP level 1. HP: 18/18 MP: 2/2
    40 | Abyss:1  | Noticed a starcursed mass
    41 | D:1      | Escaped the Abyss
    57 | D:1      | Reached skill level 1 in Dodging
   203 | D:1      | Gained mutation: You have a pair of small antennae on your
                  | head. [demonic ancestry]
   203 | D:1      | Reached XP level 2. HP: 5/24 MP: 3/3
   456 | D:1      | Reached * piety under Lugonu
   881 | D:2      | Gained mutation: You sometimes gain a little power by
                  | taking damage. [demonic ancestry]
   881 | D:2      | Reached XP level 3. HP: 20/29 MP: 5/5
  1180 | D:2      | HP: 1/29 [gnoll/+0 flail (5)]
  1197 | D:2      | Slain by a gnoll

Levels and vault maps discovered:
D:1:      shiori_angband_town, layout_rooms
D:2:      minmay_evil_eye, layout_rooms, grunt_temple_overflow_diamond,
          first_ration
D:3:      layout_rooms, interstate_on_off, roderic_filled_cross,
          kennysheep_cross_room, kennysheep_jessica_study

Skill      XL: |  1  2  3 |
---------------+----------+-----
Dodging        | 1 |  1.3
Long Blades    | 2 |  2.4
Armour         | 2 |  2.0
Invocations    | 3 |  3.0
Fighting       | |  3.2
Unarmed Combat | |  0.7

Action                   || total
-------------------------++-------
Melee: Falchion          ||    85
Invok: Depart the Abyss  ||     1
Evoke: Wand              ||     3
  Use: Scroll            ||     4
       Potion            ||     3
  Eat: Chunk             ||     1
Armor: Leather armour    ||    16
       Scale mail        ||    37
Dodge: Dodged            ||    61
       Rpst.: Falchion   ||    20

Table legend:
 A = Non-vault XP
 B = Vault XP
 C = Vault XP percentage of total XP
 D = Non-vault monster count
 E = Vault monster count
 F = Vault count percentage of total count
                 A         B        C        D         E       F
            +---------+---------+-------+---------+---------+-------
      Total |      64 |       0 |   0.0 |      31 |       0 |   0.0
            +---------+---------+-------+---------+---------+-------
        D:1 |      43 |       0 |   0.0 |      26 |       0 |   0.0
        D:2 |      21 |       0 |   0.0 |       5 |       0 |   0.0
            +---------+---------+-------+---------+---------+-------
